 Dungeon Crawl Stone Soup version 0.27.0-1-g7a089689b8 (webtiles) character file.

Game seed: 3757774422992551268

145 Delamore the Sneak (level 5, -1/36 HPs)
             Began as an Octopode Brigand on Aug 7, 2021.
             Splashed by a jelly's acid (7 damage)
             ... on level 3 of the Dungeon.
             The game lasted 00:02:36 (3036 turns).

Delamore the Sneak (Octopode Brigand)               Turns: 3036, Time: 00:02:37

Health: -1/36      AC:  1    Str: 10    XL:     5   Next: 27%
Magic:  5/5        EV: 13    Int: 14    God:
Gold:   39         SH:  5    Dex: 14    Spells: 4/4 levels left

rFire    . . .     SeeInvis .   a - +2 dagger (vorpal)
rCold    . . .     Faith    .   (no shield)
rNeg     . . .     Spirit   .   (helmet restricted)
rPois    .         Reflect  +   f - amulet of reflection
rElec    .         Harm     .   (no ring)
rCorr    .         Rampage  .   (no ring)
Will     .....                  (no ring)
Stlth    ++++......             (no ring)
HPRegen  0.12/turn              (no ring)
MPRegen  0.09/turn              (no ring)
                                (no ring)
                                (no ring)

@: no status effects
A: almost no armour, amphibious, 8 rings, camouflage 1, gelatinous body 1,
(nimble swimmer 1), tentacles
a: no special abilities


You were on level 3 of the Dungeon.
You visited 1 branch of the dungeon, and saw 3 of its levels.

You collected 39 gold pieces.

Inventory:

Hand Weapons
 a - a +2 vorpal dagger (weapon)
Missiles
 b - 28 poisoned darts (quivered)
 c - 5 curare-tipped darts
Jewellery
 f - an amulet of reflection (around mantle)
Scrolls
 e - a scroll of teleportation
 i - a scroll of immolation
Potions
 d - a potion of brilliance {unknown}
 g - 2 potions of curing {unknown}


   Skills:
 + Level 3.1 Fighting
 * Level 4.0 Short Blades
 - Level 2.0 Throwing
 + Level 2.5 Dodging
 - Level 5.3 Stealth


You had 4 spell levels left.
You didn't know any spells.
Your spell library contained the following spells:

 Spells                   Type           Power      Damage    Failure   Level
 Inner Flame              Hex/Fire       0%         N/A       65%         3
 Cause Fear               Hex            0%         N/A       96%         4
 Discord                  Hex            0%         N/A       100%        8


Dungeon Overview and Level Annotations

Branches:
Dungeon (3/15)

Altars:
Dithmenos


Innate Abilities, Weirdness & Mutations

You cannot wear most types of armour.
You are amphibious.
You can wear up to eight rings at the same time.
Your skin changes colour to match your surroundings (Stealth+).
Your rubbery body absorbs attacks. (AC +1, EV +1)
((You are camouflaged near water. (Stealth+)))
You have tentacles for arms and can constrict up to eight enemies at once.


Message History

The helpless endoplasm fails to defend itself.
You impale the endoplasm!!
You kill the endoplasm!
The jelly quivers.
The jelly hits you. The acid corrodes you!
You are splashed with acid!
You see here a rat skeleton.
You hit the jelly.
Your tentacles burn!
The jelly is lightly wounded.
The jelly barely misses you.
You hit the jelly but do no damage.
Your tentacles burn!
Your squeeze misses the jelly.
The jelly is lightly wounded.
The jelly closely misses you.
You are too injured to fight recklessly!
You are too injured to fight recklessly!
You hit the jelly.
Your tentacles burn!
You squeeze the jelly, but do no damage.
The jelly is moderately wounded.
The jelly completely misses you.
You hit the jelly.
Your tentacles burn!
The jelly is heavily wounded.
You hit the jelly but do no damage.
Your tentacles burn!
* * * LOW HITPOINT WARNING * * *
The jelly is heavily wounded.
The jelly jiggles.
The jelly closely misses you.
You see here a +0 whip.
You are no longer corroded.
Okay, then.
There is an open door here.
The jelly closely misses you.
There is an open gate here.
There is a stone staircase leading up here.
You hit the jelly.
Your tentacles burn!
* * * LOW HITPOINT WARNING * * *
The jelly is severely wounded.
The jelly hits you.
* * * LOW HITPOINT WARNING * * *
You are splashed with acid!
You die...

.....##...## *.#
.....##.#..# ####.###
.....##..#.# #......#
.....##).#.# #......#
....###.##.# #......#
...####.##.###......#
'''###..##..#.......#
))....#####.........#
...)..## ##....J@...#
....)..###..........#
....)...##....#######
.#####..##....# [##
##.......### ..##
##.........#
#..###..........#
.........>......#####
....................#


You could see a jelly.

Vanquished Creatures
  A gnoll shaman (D:3)
  3 gnolls
  2 worms
  A dart slug (D:1)
  9 endoplasms
  5 giant cockroaches
  2 goblins
  4 hobgoblins
  13 jackals
  4 quokkas
  5 ball pythons
  8 bats
  15 kobolds
  5 rats
77 creatures vanquished.

Vanquished Creatures (others)
  7 fungi (D:3)
  11 toadstools (D:3)
18 creatures vanquished.

Grand Total: 95 creatures vanquished

Notes
Turn   | Place    | Note
-------+----------+-------------------------------------------
     0 | D:1      | Delamore the Octopode Brigand began the quest for the Orb.
     0 | D:1      | Reached XP level 1. HP: 14/14 MP: 1/1
   164 | D:1      | Reached XP level 2. HP: 16/19 MP: 2/2
   339 | D:1      | Found a faded altar of an unknown god.
   340 | D:1      | Noticed a floating eye
   342 | D:1      | Noticed an eye of devastation
   350 | D:1      | Noticed a floating eye
   350 | D:1      | Noticed a shining eye
   520 | D:1      | Reached XP level 3. HP: 21/25 MP: 3/3
  1486 | D:3      | Found a shadowy altar of Dithmenos.
  1499 | D:3      | Reached XP level 4. HP: 30/30 MP: 4/4
  2159 | D:2      | Reached XP level 5. HP: 28/36 MP: 5/5
  3036 | D:3      | Splashed by a jelly's acid

Illustrated notes

Levels and vault maps discovered:
D:1:      tarquinn_simple_flora_water_e, layout_basic,
          hellmonk_ecumenical_altar_watching_god, minmay_misc_feat_nine_boxes
D:2:      layout_rooms, amcnicky_mini_corridor_feature
D:3:      cheibrodos_fertilizer, layout_rooms, grunt_dithmenos_smoke

Skill      XL: |  1  2  3  4  5 |
---------------+----------------+-----
Short Blades   | 3 4 |  4.0
Dodging        | 2 |  2.5
Fighting       | 3 |  3.1
Throwing       | |  2.0
Stealth        | |  5.3

Action                   |  1- 3 |  4- 6 || total
-------------------------+-------+-------++-------
Melee: Dagger            |    88 |    71 ||   159
       Constrict         |    18 |    12 ||    30
       Tentacles         |    13 |    18 ||    31
  Use: Scroll            |     4 |     3 ||     7
 Stab: Sleeping          |    15 |     1 ||    16
Armor: Skin              |     6 |     3 ||     9
Dodge: Dodged            |    47 |    48 ||    95
Block: Other             |     4 |     9 ||    13
       Reflection        |     1 |     1 ||     2
